 Dungeon Crawl Stone Soup version 0.23-a0-169-gb21e695 (webtiles) character file.

4076 grindst0ne the Slicer (level 10, -6/66 HPs)
             Began as a Kobold Monk on Sept 11, 2018.
             Was a Priest of Cheibriados.
             Mangled by a big kobold
             ... wielding a +0 halberd
              (12 damage)
             ... on level 8 of the Dungeon.
             The game lasted 00:19:18 (9622 turns).

grindst0ne the Slicer (Kobold Monk)                 Turns: 9622, Time: 00:19:19

Health: -6/66      AC: 18    Str: 19    XL:     10   Next: 49%
Magic:  10/10      EV: 17    Int: 20    God:    Cheibriados [***...]
Gold:   165        SH:  8    Dex: 26    Spells: 9/9 levels left

rFire    . . .     SeeInvis .   a - +1 short sword
rCold    . . .     Gourm    .   I - +0 buckler
rNeg     . . .     Faith    .   i - +0 chain mail
rPois    +         Spirit   .   E - +1 helmet
rElec    +         Reflect  .   A - +0 cloak
rCorr    .         Harm     .   u - +1 pair of gloves
MR       .....                  s - +0 pair of boots
Stlth    ..........             w - amulet of magic regeneration
HPRegen  0.21/turn              k - ring of poison resistance
MPRegen  0.37/turn              m - +4 ring of protection

@: about to teleport, very slow
A: small, talons 1, carnivore, electricity resistance
a: Bend Time, Temporal Distortion, Renounce Religion


You were on level 8 of the Dungeon.
You worshipped Cheibriados.
Cheibriados was most pleased with you.
You were completely stuffed.

You visited 2 branches of the dungeon, and saw 9 of its levels.
You also visited: Sewer.

You collected 379 gold pieces.
You spent 214 gold pieces at shops.

Inventory:

Hand Weapons
 a - a +1 short sword (weapon)
Armour
 f - a +0 plate armour
 i - a +0 chain mail (worn)
 s - a +0 pair of boots (worn)
 u - a +1 pair of gloves (worn)
 A - a +0 cloak (worn)
 E - a +1 helmet (worn)
 I - a +0 buckler (worn)
Jewellery
 k - a ring of poison resistance (left hand)
 m - a +4 ring of protection (right hand)
 w - an amulet of magic regeneration (around neck)
 B - a +4 ring of dexterity
Wands
 F - a wand of polymorph (2)
Scrolls
 b - 2 scrolls of amnesia
 d - 4 scrolls of magic mapping
 e - a scroll of blinking
 g - 3 scrolls of remove curse
 j - a scroll of teleportation
 l - 3 scrolls of immolation
 n - a scroll of enchant weapon
 p - a scroll of fear {unknown}
 q - 2 scrolls of random uselessness {unknown}
 t - a scroll of enchant armour {unknown}
 y - 2 scrolls of fog {unknown}
 J - a scroll of brand weapon {unknown}
Potions
 h - a potion of curing
 x - a potion of flight
 C - 4 potions of brilliance
 D - 2 potions of haste
 H - 2 potions of resistance
Comestibles
 c - 9 rations


   Skills:
 + Level 9.1 Fighting
 + Level 10.7 Short Blades
 - Level 10.0 Dodging
 - Level 2.6 Stealth
 * Level 4.5 Shields
 * Level 0.0 Invocations
 + Level 0.0 Evocations


You had 9 spell levels left.
You didn't know any spells.
Your spell library contained the following spells:

 Spells                   Type           Power        Failure   Level  Hunger
 Apportation              Tloc           #.....       96%         1    ##.....
 Flame Tongue             Conj/Fire      #....        96%         1    ##.....
 Magic Dart               Conj           #...         96%         1    ##.....
 Summon Butterflies       Summ           #.......     96%         1    ##.....
 Blink                    Tloc           N/A          99%         2    ###....
 Call Imp                 Summ           #.......     99%         2    ###....
 Slow                     Hex            #.......     99%         2    ###....
 Throw Flame              Conj/Fire      #.....       99%         2    ###....
 Conjure Flame            Conj/Fire      #.......     100%        3    ####...
 Inner Flame              Hex/Fire       #.......     100%        3    ####...
 Lesser Beckoning         Tloc           #.........   100%        3    ####...
 Mephitic Cloud           Conj/Pois/Air  #.......     100%        3    ####...
 Tukima's Dance           Hex            #.......     100%        3    ####...
 Sticky Flame             Conj/Fire      #.......     100%        4    #####..
 Alistair's Intoxication  Tmut/Pois      #.......     100%        5    ######.
 Fireball                 Conj/Fire      #.........   100%        5    ######.
 Invisibility             Hex            #.......     100%        6    #######


Dungeon Overview and Level Annotations

Branches:
Dungeon (8/15)             Temple (1/1) D:7
   Lair: D:8-11

Altars:
Cheibriados
Hepliaklqana
Nemelex Xobeh
Qazlal
Ru
Trog
Xom
Yredelemnul
The Shining One

Shops:
D:4 [   D:5 %   D:6 *=(*

Annotations:
D:6 3 runed doors, derval's ghost, novice GnSu


Innate Abilities, Weirdness & Mutations

You are small and have problems with some larger weapons.
You are carnivorous and can eat meat at any time.
You have sharp toenails.
You are resistant to electric shocks. (rElec)


Message History

Okay, then.
You feel better.
The two-headed hydra completely misses you.
The two-headed hydra bites you!
* * * LOW HITPOINT WARNING * * *
The big kobold misses you.
The dream sheep ruffles its wool and motes of dream dust sparkle, to no effect.
You feel better.
The two-headed hydra bites you but does no damage.
The two-headed hydra barely misses you. The big kobold closely misses you.
As you read the scroll of teleportation, it crumbles to dust.
You feel strangely unstable. The two-headed hydra bites you!
* * * LOW HITPOINT WARNING * * *
The two-headed hydra closely misses you.
The big kobold closely misses you.
The two-headed hydra bites you but does no damage.
The two-headed hydra bites you.
* * * LOW HITPOINT WARNING * * *
The big kobold hits you from afar with a halberd!
You die...

#≈≈P.% #..#............##
≈... #.......≈≈##....## ≈.≈
#.##..≈##≈≈###....
#####.####.##..#≈≈#≈≈≈≈..(.
#..........##.##≈≈≈≈≈≈##...
#.............≈≈#≈≈≈#≈≈#...
#.......K..##.#≈≈≈≈≈≈≈≈#...
#......)YD.#..##≈#≈≈#≈≈#...
#......)(.@....#≈≈≈≈≈ #....
#####..###.....#≈#≈≈###....
#.## #.#.....##≈#...... ...
...#...............
........##...###.##......
......... ##..# #.........
>........ ##.#######.....
...... #........##...#
##### #........######


You could see a two-headed hydra, a big kobold and a dream sheep.

Vanquished Creatures
  A dream sheep (D:8)
  Grinder (D:4)
  2 yaks (D:8)
  Eustachio (D:6)
  Edmund (D:5)
  2 water moccasins
  Duvessa (D:4)
  Purgy (Sewer)
  2 orc warriors (D:8)
  A sky beast (D:8)
  2 ogres (D:6)
  2 centaurs
  Blork the orc (D:4)
  4 big kobolds
  A bullfrog (D:7)
  Dowan (D:4)
  2 scorpions (D:7)
  A water moccasin skeleton (D:7)
  5 killer bees (D:8)
  12 wights
  A howler monkey (D:8)
  A centaur zombie (D:6)
  5 crimson imps
  A hound (D:8)
  4 orc priests
  A jelly (D:7)
  4 iguanas
  An orc wizard (D:5)
  2 worker ants
  A killer bee zombie (D:7)
  Robin (D:2)
  7 adders
  A gnoll (D:1)
  3 shadow imps
  An adder zombie (D:5)
  An adder skeleton (D:8)
  A dart slug (D:1)
  2 leopard geckos
  11 orcs
  2 giant cockroaches (D:1)
  13 goblins
  8 hobgoblins
  15 jackals
  3 quokkas
  4 ball pythons
  8 bats
  8 frilled lizards
  A jackal skeleton (D:5)
  17 kobolds
  7 rats
179 creatures vanquished.

Vanquished Creatures (others)
  A howler monkey (D:6)
  A worker ant (D:6)
  2 plants (D:8)
4 creatures vanquished.

Grand Total: 183 creatures vanquished

Notes
Turn   | Place    | Note
-------+----------+-------------------------------------------
     0 | D:1      | grindst0ne the Kobold Monk began the quest for the Orb.
     0 | D:1      | Reached XP level 1. HP: 14/14 MP: 1/1
   602 | D:1      | Reached XP level 2. HP: 19/19 MP: 2/2
   792 | D:1      | Reached XP level 3. HP: 19/24 MP: 3/3
  1428 | D:2      | Noticed Robin
  1445 | D:2      | Killed Robin
  1445 | D:2      | Reached XP level 4. HP: 17/29 MP: 4/4
  1965 | D:2      | Reached skill level 5 in Short Blades
  2314 | D:3      | You fall through a shaft!
  2330 | D:3      | Found a glowing drain.
  2351 | Sewer    | Entered a sewer
  2514 | Sewer    | Reached XP level 5. HP: 30/33 MP: 5/5
  2516 | Sewer    | Noticed Purgy
  2528 | Sewer    | Killed Purgy
  2528 | Sewer    | Reached skill level 5 in Dodging
  2528 | Sewer    | Reached XP level 6. HP: 34/39 MP: 6/6
  3576 | D:4      | Noticed Duvessa
  3603 | D:4      | Noticed Dowan
  3631 | D:4      | Killed Duvessa
  3631 | D:4      | Reached skill level 5 in Fighting
  3642 | D:4      | Killed Dowan
  3642 | D:4      | Reached XP level 7. HP: 37/44 MP: 7/7
  3724 | D:4      | Noticed Blork the orc
  3726 | D:4      | Noticed Grinder
  3739 | D:4      | Killed Blork the orc
  3746 | D:4      | Killed Grinder
  3961 | D:4      | Found Xeucw's Armour Boutique.
  4408 | D:5      | Entered Level 5 of the Dungeon
  4440 | D:5      | Found a stormy altar of Qazlal.
  4455 | D:5      | Noticed Edmund
  4519 | D:5      | HP: 1/46 [Edmund/dire flail of holy wrath (5)]
  4530 | D:5      | Killed Edmund
  4530 | D:5      | Reached XP level 8. HP: 22/52 MP: 8/8
  4851 | D:5      | Found Ufath's Food Boutique.
  5420 | D:5      | Got a jade-encrusted ring mail
  5431 | D:5      | Identified the cursed +0 ring mail of Dogma {Str-2 Int+4
                  | Dex+3} (You found it on level 5 of the Dungeon)
  5665 | D:5      | Found a hazy altar of Hepliaklqana.
  5783 | D:6      | Found a runed gate.
  5783 | D:6      | Found a runed gate.
  5784 | D:6      | Found a runed gate.
  5793 | D:6      | Noticed derval's ghost (novice GnSu)
  5821 | D:6      | Found Olei's Weapon Shoppe.
  6164 | D:6      | Found Xammist's Assorted Antiques.
  6168 | D:6      | Bought a scroll of teleportation for 54 gold pieces
  6168 | D:6      | Bought a potion of heal wounds for 90 gold pieces
  6168 | D:6      | Bought a scroll labeled QEBOBB LIAZUC for 18 gold pieces
  6168 | D:6      | Bought a scroll labeled QEBOBB LIAZUC for 18 gold pieces
  6451 | D:6      | Reached XP level 9. HP: 46/57 MP: 9/9
  6457 | D:6      | Found a shimmering altar of Xom.
  6693 | D:6      | Noticed Eustachio
  6740 | D:6      | Killed Eustachio
  6782 | D:6      | Found Kysapsou's Assorted Antiques.
  6795 | D:6      | Bought 2 inky potions for 34 gold pieces
  6845 | D:6      | Found Tialoal's Jewellery Shoppe.
  7289 | D:7      | Found a staircase to the Ecumenical Temple.
  7379 | Temple   | Entered the Ecumenical Temple
  7385 | Temple   | Became a worshipper of Cheibriados the Contemplative
  7385 | Temple   | Reached * piety under Cheibriados
  7385 | Temple   | Reached ** piety under Cheibriados
  7479 | D:7      | Reached skill level 1 in Shields
  8460 | D:7      | Reached skill level 10 in Short Blades
  8716 | D:8      | Reached XP level 10. HP: 32/65 MP: 10/10
  8953 | D:8      | Reached *** piety under Cheibriados
  9107 | D:8      | Found a glowing golden altar of the Shining One.
  9301 | D:8      | Noticed a two-headed hydra
  9325 | D:8      | Gained mutation: You are resistant to electric shocks.
                  | (rElec) [potion of mutation]
  9325 | D:8      | Gained mutation: You tend to lose your temper in combat.
                  | [potion of mutation]
  9325 | D:8      | Gained mutation: You have sharp toenails. [potion of
                  | mutation]
  9325 | D:8      | Lost mutation: You tend to lose your temper in combat.
                  | [potion of mutation]
  9366 | D:8      | HP: 3/66 [something (4)]
  9366 | D:8      | HP: 1/66 [something (2)]
  9383 | D:8      | Reached skill level 10 in Dodging
  9622 | D:8      | Mangled by a big kobold

Vault maps used:
D:1:      saegor_arrival_simple_d, kennysheep_boxes
D:2:      uniq_robin
D:3:      cheibrodos_sewer_entry_sluice, first_ration
D:4:      serial_shops, nicolae_shop_waterfront, uniq_duvessa,
          uniq_blork_the_orc, uniq_grinder
D:5:      kennysheep_mini, grunt_qazlal_clouds, serial_shops,
          nicolae_shop_statue_plus, uniq_edmund
D:6:      xom_confusion_cloud, ebering_ghost_rock_garden, serial_shops, shop,
          shop, nicolae_shop_competitors_out_of_business, shop, uniq_eustachio
D:7:      minmay_temple_entry_grid
D:8:      nicolae_tso_swordbearing_angel, hangedman_ranch, minivault_4,
          fountainhead, minmay_misc_feat_iff
Temple:   eino_temple_rhombus
Sewer:    sewer_co_purgy_island

Skill      XL: |  1  2  3  4  5  6  7  8  9 10 |
---------------+-------------------------------+-----
Dodging        | 4 5 7 8 9 10 | 10.0
Fighting       | 4 5 6 7 8 9 |  9.1
Short Blades   | 5 6 7 9 10 | 10.7
Shields        | 3 4 |  4.5
Stealth        | |  2.6

Action                   |  1- 3 |  4- 6 |  7- 9 | 10-12 || total
-------------------------+-------+-------+-------+-------++-------
Melee: Short sword       |   107 |   294 |   684 |   227 ||  1312
       Unarmed           |       |    14 |     6 |       ||    20
Evoke: Wand              |       |       |     2 |     4 ||     6
  Use: Potion            |     2 |     1 |     6 |    13 ||    22
       Scroll            |       |     7 |     6 |     3 ||    16
 Stab: Invisible         |       |       |     8 |       ||     8
  Eat: Chunk             |    10 |     7 |    13 |     4 ||    34
Armor: Robe              |     9 |       |       |       ||     9
       Chain mail        |    49 |   180 |   200 |    58 ||   487
       Skin              |       |    20 |     8 |       ||    28
Dodge: Dodged            |    62 |   140 |   260 |   141 ||   603
Block: Buckler           |       |       |    55 |    67 ||   122

Table legend:
 A = Non-vault XP
 B = Vault XP
 C = Vault XP percentage of total XP
 D = Non-vault monster count
 E = Vault monster count
 F = Vault count percentage of total count
                 A         B        C        D         E       F
            +---------+---------+-------+---------+---------+-------
      Total |    3462 |    2361 |  40.5 |     141 |      38 |  21.2
            +---------+---------+-------+---------+---------+-------
        D:1 |      48 |       0 |   0.0 |      21 |       0 |   0.0
        D:2 |      20 |      37 |  64.9 |      14 |      12 |  46.2
        D:3 |      57 |       3 |   5.0 |      19 |       3 |  13.6
        D:4 |      51 |     595 |  92.1 |       3 |       4 |  57.1
        D:5 |     277 |     171 |  38.2 |      15 |       1 |   6.2
        D:6 |     619 |     518 |  45.6 |      10 |       5 |  33.3
        D:7 |    1163 |       0 |   0.0 |      31 |       0 |   0.0
        D:8 |    1227 |     867 |  41.4 |      28 |       5 |  15.2
      Sewer |       0 |     170 | 100.0 |       0 |       8 | 100.0
            +---------+---------+-------+---------+---------+-------
